 Dungeon Crawl Stone Soup version 0.23-a0-488-g5fd82c5 (webtiles) character file.

63 HungryMoth the Chiller (level 3, 0/26 HPs)
             Began as a Draconian Ice Elementalist on Dec 1, 2018.
             Slain by a worm (11 damage)
             ... on level 3 of the Dungeon on Dec 2, 2018.
             The game lasted 00:08:52 (1792 turns).

HungryMoth the Chiller (Draconian Ice Elementalist) Turns: 1792, Time: 00:08:53

Health: 0/26       AC:  7    Str: 10    XL:     3   Next: 87%
Magic:  0/7        EV: 12    Int: 16    God:
Gold:   196        SH:  0    Dex: 11    Spells: 5/8 levels left

rFire    . . .     SeeInvis .   i - +0 short sword (venom)
rCold    . . .     Gourm    .   (no shield)
rNeg     . . .     Faith    .   (armour unavailable)
rPois    .         Spirit   .   (helmet restricted)
rElec    .         Reflect  .   (no cloak)
rCorr    .         Harm     .   l - +0 pair of gloves
MR       .....                  n - +0 pair of boots
Stlth    ++........             (no amulet)
HPRegen  0.08/turn              (no ring)
MPRegen  0.10/turn              (no ring)

@: lethally poisoned (0 -> -1)
A: unfitting armour, cold-blooded, AC +5
a: no special abilities


You were on level 3 of the Dungeon.
You were very hungry.

You visited 1 branch of the dungeon, and saw 3 of its levels.

You collected 196 gold pieces.

Inventory:

Hand Weapons
 i - a +0 short sword of venom (weapon)
Armour
 l - a +0 pair of gloves (worn)
 n - a +0 pair of boots (worn)
 o - a +2 buckler
Jewellery
 h - a cursed ring of teleportation {unknown}
 p - a +3 amulet of reflection {unknown}
Scrolls
 a - 2 scrolls of enchant weapon {unknown}
 c - a scroll of fear {unknown}
 e - 4 scrolls of identify {unknown}
 f - 2 scrolls of remove curse {unknown}
 j - a scroll of teleportation {unknown}
Potions
 d - a potion of curing {unknown}
 g - a potion of degeneration {unknown}
 k - a potion of agility {unknown}
Comestibles
 b - 5 rations
 m - 5 chunks of flesh


   Skills:
 - Level 1.7 Dodging
 - Level 1.7 Stealth
 * Level 3.3 Spellcasting
 + Level 1.0 Conjurations
 + Level 3.7 Ice Magic


You had 5 spell levels left.
You knew the following spells:

 Your Spells              Type           Power        Failure   Level  Hunger
a - Freeze                Ice            ##..         3%          1    None
b - Throw Frost           Conj/Ice       ##....       11%         2    ##.....

Your spell library contained the following spells:

 Spells                   Type           Power        Failure   Level  Hunger
 Ozocubu's Armour         Chrm/Ice       #.......     26%         3    ###....
 Throw Icicle             Conj/Ice       ##......     56%         4    ####...
 Summon Ice Beast         Ice/Summ       #.......     63%         4    ####...


Dungeon Overview and Level Annotations

Branches:
Dungeon (3/15)

Altars:


Innate Abilities, Weirdness & Mutations

Your plain brown scales are hard. (AC +5)
You cannot fit into any form of body armour.
You are cold-blooded and may be slowed by cold attacks.


Message History

You miss the adder.
The adder is moderately wounded.
The adder bites you.
You hit the adder.
The adder is severely wounded.
The adder closely misses you.
You hit the adder.
The adder is poisoned.
You tail-slap the adder.
You kill the adder!
You feel sick.
Casting: Freeze (safe; 3% risk of failure)
Confirm with . or Enter, or press ? or * to list all spells.
You don't have enough magic to cast that spell.
Unknown command.
You barely miss the worm. The worm bites you!
You barely miss the worm. You hit the worm.
The worm is poisoned.
You tail-slap the worm, but do no damage.
The worm is moderately wounded.
You feel sick. The worm bites you!
You die...

#...#
#..##.........####
.. ...##
#.#.............#
.. ##.#
#............##.#
. ##.###
##..###..######.#
.# ##...#
##...###..#
#.####.# ####.#
#..#.# #..#
#.##...# # #.###
#.##..##### #....#
# #...###.# #...##
###.)# # ###..##.#
##@.# ####÷##### #
##....#
##w######...÷.....
#######..###
#........†.÷≈.≈≈≈
..........###
##........≈≈≈≈≈≈≈
######..#...##
#...?....≈≈≈≈≈≈≈≈
# #.......#
#........≈≈≈≈≈≈≈≈
##.##...#
#.........≈≈≈≈.≈≈
...######
#.........≈≈≈≈_.≈
#####
#.......≈.≈≈≈.♣.≈


You could see a worm.

Vanquished Creatures
  2 adders (D:3)
  An ooze (D:1)
  2 leopard geckos
  2 ball pythons
  3 bats
  3 giant cockroaches
  7 goblins
  A hobgoblin (D:3)
  7 kobolds
  2 quokkas (D:2)
  4 frilled lizards
  3 rats (D:1)
37 creatures vanquished.

Notes
Turn   | Place    | Note
-------+----------+-------------------------------------------
     0 | D:1      | HungryMoth the Draconian Ice Elementalist began the quest
                  | for the Orb.
     0 | D:1      | Reached XP level 1. HP: 14/14 MP: 3/3
   128 | D:1      | Reached XP level 2. HP: 13/20 MP: 5/5
   773 | D:2      | Learned a level 2 spell: Throw Frost
  1083 | D:2      | Reached XP level 3. HP: 26/26 MP: 5/7
  1745 | D:3      | Found a faded altar of an unknown god.
  1792 | D:3      | Slain by a worm

Vault maps used:
D:1:      dpeg_arrival_stonehenge_12_columns
D:2:      first_ration, kennysheep_generic_room_15
D:3:      chequers_ecumenical_altar_island

Skill      XL: |  1  2  3 |
---------------+----------+-----
Spellcasting   | 3 |  3.3
Dodging        | |  1.7
Stealth        | |  1.7
Conjurations   | |  1.0
Ice Magic      | |  3.7

Action                   || total
-------------------------++-------
Melee: Dagger            ||     4
       Tailslap          ||     3
       Unarmed           ||     1
       Short sword       ||    17
 Cast: Freeze            ||    48
       Throw Frost       ||     1
 Stab: Sleeping          ||     4
  Eat: Chunk             ||     2
Armor: Skin              ||    16
Dodge: Dodged            ||    31

Table legend:
 A = Non-vault XP
 B = Vault XP
 C = Vault XP percentage of total XP
 D = Non-vault monster count
 E = Vault monster count
 F = Vault count percentage of total count
                 A         B        C        D         E       F
            +---------+---------+-------+---------+---------+-------
      Total |      89 |       1 |   1.1 |      36 |       1 |   2.7
            +---------+---------+-------+---------+---------+-------
        D:1 |      32 |       0 |   0.0 |      16 |       0 |   0.0
        D:2 |      20 |       1 |   4.8 |      11 |       1 |   8.3
        D:3 |      37 |       0 |   0.0 |       9 |       0 |   0.0
            +---------+---------+-------+---------+---------+-------
